 Dungeon Crawl Stone Soup version bcrawl-1.30 (webtiles) character file.

Game seed: 14967614445966142111

156903 KristoblXynda the Slasher (level 4, 0/40 HPs)
             Began as a Draconian Gladiator on Mar 12, 2021.
             Splashed by a jelly's acid (8 damage)
             ... on level 3 of the Dungeon.
             The game lasted 00:02:23 (1747 turns).

KristoblXynda the Slasher (Draconian Gladiator)     Turns: 1747, Time: 00:02:23

Health: 0/40       AC: -6    Str: 17    XL:     4   Next: 68%
Magic:  4/4        EV: 13    Int:  9    God:
Gold:   160        SH:  1    Dex: 12    Spells: 3/3 levels left

rFire    . . .     SeeInvis .   a - +0 long sword
rCold    . . .     Gourm    .   (no shield)
rNeg     . . .     Faith    .   (armour unavailable)
rPois    .         Spirit   .   b - +1 hat
rElec    .         Reflect  .   (no cloak)
rCorr    .         Harm     .   (no gloves)
MR       .....                  (no boots)
Stlth    +.........             (no amulet)
HPRegen  0.13/turn              (no ring)
MPRegen  0.09/turn              (no ring)

@: corroded
A: unfitting armour, cold-blooded, AC +5
a: no special abilities


You were on level 3 of the Dungeon.
You were hungry.

You visited 1 branch of the dungeon, and saw 3 of its levels.

You collected 160 gold pieces.

Inventory:

Hand Weapons
 a - a +0 long sword (weapon)
Missiles
 c - 3 throwing nets {=f}
Armour
 b - a +1 hat (worn)
Scrolls
 f - a scroll of teleportation {unknown}
 h - 2 scrolls of immolation {unknown}
 i - a scroll of identify
Potions
 d - 2 potions of heal wounds
 g - a potion of might
 j - a potion of flight {unknown}
Comestibles
 e - 3 rations {!d}


   Skills:
 + Level 4.1 Fighting
 * Level 4.3 Long Blades
 - Level 2.0 Throwing
 + Level 3.4 Dodging


You had 3 spell levels left.
You didn't know any spells.
Your spell library was empty.

Dungeon Overview and Level Annotations

Branches:
Dungeon (3/12)

Altars:
Uskayaw
The Shining One


Innate Abilities, Weirdness & Mutations

Your plain brown scales are hard. (AC +5)
You cannot fit into any form of body armour.
You are cold-blooded and may be slowed by cold attacks.


Message History

You feel sick.
An orc comes into view. It is wielding a +0 dagger.
The adder bites you.
The orc shouts!
You slash the adder!
You kill the adder!
You feel sick.
You feel better.
You barely miss the jelly. The jelly hits you but does no damage.
You hit the jelly. The acid corrodes you!
Your hands burn!
The jelly is lightly wounded.
The orc roars loudly.
The jelly hits you. The acid corrodes you!
You are splashed with acid!
You hit the jelly but do no damage. The acid corrodes you!
Your hands burn!
* * * LOW HITPOINT WARNING * * *
The jelly is lightly wounded.
The orc barely misses you. The jelly hits you.
* * * LOW HITPOINT WARNING * * *
The acid corrodes you!
You are splashed with acid!
You die...

######...####.#
#.# #.#
#..#####.#####.#
#.#
#..............#
#.#
#.....##.#####.#
#.# #.#.#.##.#
#.# #.#
#.#.#.##.# #.#
#.#.#.##$# #..
..#.#.##J#
###.#.##@#
#.#.##o# ...
..... ._.....
......##.
.#####.# ..
..#.((#.# .#


You could see a jelly, 2 dancing weapons and an orc.

Vanquished Creatures
  Terence (D:2)
  An adder (D:3)
  3 oozes
  A worm (D:1)
  3 dart slugs
  A leopard gecko (D:2)
  An orc (D:3)
  12 bats
  A giant cockroach (D:1)
  2 goblins
  9 hobgoblins
  6 jackals
  A quokka (D:2)
  A ball python (D:2)
  5 frilled lizards
  6 kobolds
  5 rats
59 creatures vanquished.

Notes
Turn   | Place    | Note
-------+----------+-------------------------------------------
     0 | D:1      | KristoblXynda the Draconian Gladiator began the quest for
                  | the Orb.
     0 | D:1      | Reached XP level 1. HP: 19/19 MP: 1/1
   170 | D:1      | Reached XP level 2. HP: 26/26 MP: 2/2
   624 | D:1      | Reached XP level 3. HP: 31/31 MP: 3/3
  1161 | D:2      | Noticed Terence
  1194 | D:2      | Reached XP level 4. HP: 22/40 MP: 4/4
  1200 | D:2      | Killed Terence
  1584 | D:2      | Found a glowing golden altar of the Shining One.
  1730 | D:3      | Found a hide-covered altar of Uskayaw.
  1731 | D:3      | Noticed a -2 hand axe
  1731 | D:3      | Noticed a +0 dagger
  1747 | D:3      | Splashed by a jelly's acid

Skill      XL: |  1  2  3  4 |
---------------+-------------+-----
Throwing       | 2 |  2.0
Dodging        | 3 |  3.4
Fighting       | 4 |  4.1
Long Blades    | 4 |  4.3

Action                   |  1- 3 |  4- 6 || total
-------------------------+-------+-------++-------
Melee: Long sword        |   131 |    33 ||   164
       Tailslap          |    12 |     7 ||    19
  Use: Scroll            |       |     2 ||     2
       Potion            |       |     1 ||     1
 Stab: Sleeping          |     2 |     2 ||     4
       Distracted        |     1 |       ||     1
  Eat: Chunk             |     4 |     2 ||     6
Armor: Skin              |    55 |     8 ||    63
Dodge: Dodged            |   150 |    15 ||   165
Block: Other             |     4 |       ||     4
